 Dungeon Crawl Stone Soup version 0.32-a0-909-gc671339a80 (webtiles) character file.

Game seed: 12107636899625274972

1481 Smolly the Carver (level 8, -2/52 (59) HPs)
             Began as a Coglin Brigand on Apr 6, 2024.
             Killed by divine providence
             ... invoked by Jeremiah
              (16 damage)
             ... on level 7 of the Dungeon.
             The game lasted 00:06:24 (4849 turns).

Smolly the Carver (Coglin Brigand)                  Turns: 4849, Time: 00:06:25

HP:   -2/52 (59)    AC:  8    Str: 11    XL:     8   Next: 79%
MP:   8/8           EV: 10    Int: 11    God:
Gold: 439           SH:  0    Dex: 18    Spells: 7/7 levels left

rFire   . . .        a - +2 dagger {Carlos}
rCold   . . .        y - +0 dagger (drain) {Ur-Dumizida}
rNeg    . . .        s - +0 ring mail
rPois   .            (helmet restricted)
rElec   .            c - +0 cloak
rCorr   .            (no gloves)
SInv    .            E - +0 pair of boots
Will    +....        (amulet unavailable)
Stlth   ++           (ring unavailable)
HPRegen 0.28/turn    (ring unavailable)
MPRegen 0.11/turn    (no gizmo)

%: no passive effects
@: heavily drained, revved
A: off-hand wielding, slow wielding, warmup strikes, no jewellery, horns 1,
strong-willed 1, shaggy fur 1
a: Invent Gizmo


You were on level 7 of the Dungeon.
You visited 1 branch of the dungeon, and saw 7 of its levels.

You collected 439 gold pieces.

Inventory:

Hand Weapons
 a - a +2 dagger (weapon) {Carlos}
 n - a +0 long sword {Ingwe}
 y - a +0 dagger of draining (offhand) {Ur-Dumizida}
Missiles
 d - 17 poisoned darts (quivered)
 e - 3 curare-tipped darts {=f}
 k - 6 atropa-tipped darts
Armour
 c - a +0 cloak (worn)
 s - a +0 ring mail (worn)
 E - a +0 pair of boots (worn)
Magical Staves
 F - a staff of earth {!a}
Wands
 v - a wand of mindburst (18)
Scrolls
 g - 2 scrolls of vulnerability {unknown}
 h - 2 scrolls of noise {unknown}
 i - 8 scrolls of poison {unknown}
 j - 2 scrolls of revelation {unknown}
 l - 4 scrolls of identify {@r1}
 m - 2 scrolls of enchant weapon
 t - 2 scrolls of fog {unknown}
 u - a scroll of immolation {unknown}
 B - a scroll of enchant armour {unknown}
 D - 2 scrolls of teleportation {unknown}
 G - a scroll of summoning {unknown}
Potions
 p - a potion of curing {unknown}
 z - a potion of berserk rage {unknown}
 A - a potion of might {unknown}
 C - a potion of mutation {!q}


   Skills:
 + Level 3.6 Fighting
 - Level 1.7(5.5) Short Blades
 * Level 9.0(9.2) Long Blades
 - Level 1.7 Throwing
 + Level 2.5 Armour
 + Level 2.8 Dodging
 - Level 3.2 Stealth


You had 7 spell levels left.
You didn't know any spells.
Your spell library contained the following spells:

 Spells                   Type           Power      Damage    Failure   Level
 Blink                    Tloc           0%         N/A       77%         2
 Lesser Beckoning         Tloc           0%         N/A       77%         2
 Momentum Strike          Conj/Tloc      0%         3d8       77%         2
 Sigil of Binding         Hex            0%         N/A       94%         3
 Death Channel            Necr           0%         N/A       100%        6
 Dispersal                Tloc           0%         N/A       100%        6
 Gell's Gavotte           Tloc           0%         2d(11-16) 100%        6
 Sculpt Simulacrum        Ice/Alch       0%         N/A       100%        6
 Manifold Assault         Tloc           0%         N/A       100%        7
 Disjunction              Tloc           0%         N/A       100%        8


Dungeon Overview and Level Annotations

Branches:
Dungeon (7/15)
 Temple: D:4-7

Altars:
Nemelex Xobeh
Okawaru
Xom

Shops:
D:1 =

Annotations:
D:7 Jeremiah


Innate Abilities, Weirdness & Mutations

You can wield a second weapon in your off-hand.
It takes a long time for you to wield or remove held weapons.
Your first few attacks do less damage.
You cannot equip rings or amulets.
You have a pair of small horns on your head.
You are strong-willed. (Will+)
You are covered in fur. (AC +1)


Message History

Things that are here:
a +0 whip; an orc corpse
Things that are here:
a +2 hand axe of electrocution; an orc corpse
Found an escape hatch in the floor.
Found a stone staircase leading down.
There is an escape hatch in the floor here.
You now have 403 gold pieces (gained 12).
You now have 421 gold pieces (gained 18).
You now have 439 gold pieces (gained 18).
Key pressed, stopping explore.
Jeremiah, Barachi Dreamer comes into view.
They are wielding a +3 trident of draining and wearing an orb of energy.
Jeremiah shouts!
Jeremiah throws their arms up pleadingly.
Something smites you!
Jeremiah hits you with a +3 trident of draining!
You feel drained.
You hit Jeremiah with your +2 dagger. Your headbutt misses Jeremiah.
You closely miss Jeremiah with your +0 dagger of draining.
Jeremiah hits you but does no damage.
You feel drained.
You hit Jeremiah but do no damage. You drain Jeremiah.
You hit Jeremiah but do no damage.
Jeremiah hits you with a +3 trident of draining!
* * * LOW HITPOINT WARNING * * *
You feel drained.
* * * LOW HITPOINT WARNING * * *
You hit Jeremiah but do no damage.
You barely miss Jeremiah with your +0 dagger of draining.
The butterfly disappears in a burst of colours!
Jeremiah hits you with a +3 trident of draining.
* * * LOW HITPOINT WARNING * * *
You feel drained.
* * * LOW HITPOINT WARNING * * *
You hit Jeremiah but do no damage.
You barely miss Jeremiah with your +0 dagger of draining.
Unknown command.
You hit Jeremiah with your +0 dagger of draining.
You hit Jeremiah with your +2 dagger.
The butterfly disappears in a burst of colours!
Jeremiah hits you with a +3 trident of draining.
* * * LOW HITPOINT WARNING * * *
You feel drained.
* * * LOW HITPOINT WARNING * * *
You hit Jeremiah with your +2 dagger.
You hit Jeremiah with your +0 dagger of draining.
Jeremiah lets out a twisted cry.
Something smites you!
You die...
Jeremiah asks, "What happened?
Did... did you die?"

.##....... ........
..bb... ..... .. ....
#.. ##b.# #..####Fb.#
$....bbb@# .....bb..#
......b.### ..........#
..........## ##
....###............##..#
....#...............#..#
..............#.##....#
. .. ...(....#####....##


You could see Jeremiah (drained).

Vanquished Creatures
  An ice beast (D:6)
  A sky beast (D:6)
  An orc warrior (D:6)
  A centaur (D:6)
  4 phantoms
  2 scorpions
  Blork the orc (D:6)
  A howler monkey (D:5)
  2 bombardier beetles
  2 hounds
  3 orc priests
  2 jellies
  2 iguanas (D:5)
  2 orc wizards (D:6)
  12 gnolls
  An adder (D:6)
  A white imp (D:6)
  2 ufetubi (D:6)
  3 dart slugs
  A ribbon worm (D:3)
  9 orcs
  5 ball pythons
  4 endoplasms
  2 giant cockroaches
  5 goblins
  8 hobgoblins
  3 quokkas
  4 bats
  2 frilled lizards
  10 kobolds
  5 rats
102 creatures vanquished.

Notes
Turn   | Place    | Note
-------+----------+-------------------------------------------
     0 | D:1      | Smolly the Coglin Brigand began the quest for the Orb.
     0 | D:1      | Reached XP level 1. HP: 16/16 MP: 1/1
    33 | D:1      | Reached skill level 1 in Long Blades
    46 | D:1      | Found Engulo Jipp's Jewellery Emporium.
    97 | D:1      | Reached XP level 2. HP: 19/22 MP: 2/2
   188 | D:1      | Reached skill level 2 in Long Blades
   683 | D:2      | Reached XP level 3. HP: 27/27 MP: 3/3
   815 | D:2      | Found a shimmering altar of Xom.
  1045 | D:2      | Reached skill level 3 in Long Blades
  1293 | D:3      | Found an iron altar of Okawaru.
  1306 | D:3      | Reached XP level 4. HP: 33/33 MP: 4/4
  1717 | D:4      | Found a sparkling altar of Nemelex Xobeh.
  1764 | D:4      | Noticed a phantom
  1774 | D:4      | Killed a phantom
  1775 | D:4      | Reached skill level 4 in Long Blades
  1775 | D:4      | Reached XP level 5. HP: 35/38 MP: 5/5
  1932 | D:4      | Reached skill level 5 in Long Blades
  1939 | D:4      | Gained mutation: Your health recovers twice as slowly from
                  | being drained. [potion of mutation]
  1939 | D:4      | Gained mutation: You occasionally lose the ability to drink
                  | potions when taking damage. [potion of mutation]
  1939 | D:4      | Gained mutation: You have a pair of small antennae on your
                  | head. [potion of mutation]
  1939 | D:4      | Gained mutation: You are strong-willed. (Will+) [potion of
                  | mutation]
  1950 | D:4      | Lost mutation: Your health recovers twice as slowly from
                  | being drained. [potion of mutation]
  1950 | D:4      | Lost mutation: You occasionally lose the ability to drink
                  | potions when taking damage. [potion of mutation]
  1950 | D:4      | Lost mutation: You have a pair of small antennae on your
                  | head. [potion of mutation]
  1950 | D:4      | Gained mutation: You have a pair of small horns on your
                  | head. [potion of mutation]
  1950 | D:4      | Gained mutation: You are covered in fur. (AC +1) [potion of
                  | mutation]
  2147 | D:4      | Reached XP level 6. HP: 39/44 MP: 6/6
  2346 | D:4      | Reached skill level 6 in Long Blades
  2550 | D:5      | Entered Level 5 of the Dungeon
  2657 | D:5      | Reached skill level 7 in Long Blades
  2657 | D:5      | Reached XP level 7. HP: 50/50 MP: 7/7
  3160 | D:5      | Reached skill level 1 in Dodging
  3163 | D:5      | Reached skill level 8 in Long Blades
  3664 | D:6      | Noticed Blork the orc
  3672 | D:6      | Killed Blork the orc
  3673 | D:6      | Reached skill level 1 in Armour
  3684 | D:6      | Reached XP level 8. HP: 34/57 MP: 8/8
  3949 | D:6      | Reached skill level 3 in Fighting
  4635 | D:6      | Reached skill level 9 in Long Blades
  4839 | D:7      | Noticed Jeremiah
  4849 | D:7      | Killed from afar by Jeremiah

Illustrated notes

Levels and vault maps discovered:
D:1:      lightli_arrival_chessboard, layout_rooms, serial_shops, shop_fountains
D:2:      layout_loops_cross, basic_altar, minmay_misc_feat_columns
D:3:      layout_rooms, okawaru_altar_gauntlet_db
D:4:      layout_basic, mainiacjoe_overflow_24_doors
D:5:      layout_loops_corners, kennysheep_pointless_box, kennysheep_minor_cross
D:6:      layout_loops_cross, uniq_blork_the_orc
D:7:      layout_cave_pools, minmay_temple_entry_glass, uniq_jeremiah

Skill      XL: |  1  2  3  4  5  6  7  8 |
---------------+-------------------------+-----
Long Blades    | 1 2 3 4 5 7 8 9 |  9.0
Dodging        | 1 2 |  2.8
Armour         | 1 2 |  2.5
Fighting       | 3 |  3.6
Short Blades   | |  1.7
Throwing       | |  1.7
Stealth        | |  3.2

Action                     |  1- 3 |  4- 6 |  7- 9 || total
---------------------------+-------+-------+-------++-------
  Melee: Dagger            |    97 |    66 |   289 ||   452
         Long sword        |    30 |    70 |    21 ||   121
         Headbutt          |       |     6 |    33 ||    39
  Evoke: Wand              |       |       |     3 ||     3
    Use: Scroll            |     1 |       |       ||     1
         Potion            |       |     3 |       ||     3
   Stab: Sleeping          |     8 |     3 |     3 ||    14
 Armour: Robe              |    29 |       |       ||    29
         Leather armour    |    12 |       |       ||    12
         Ring mail         |    10 |    38 |   106 ||   154
  Dodge: Dodged            |    35 |    37 |    75 ||   147

Table legend: (Time is in decaauts)
 A = Elapsed time spent in this place.
 B = Non-inter-level travel time spent in this place.
 C = Inter-level travel time spent in this place.
 D = Time resting spent in this place.
 E = Time spent auto-exploring this place.
 F = Levels seen in this place.
 G = Mean time per level.
                   A        B        C        D        E       F      G
               +--------+--------+--------+--------+--------+-----+--------+
         Total |   4812 |   4485 |    327 |    493 |   3236 |   7 |  687.4 |
       Dungeon |   4812 |   4485 |    327 |    493 |   3236 |   7 |  687.4 |
               +--------+--------+--------+--------+--------+-----+--------+

Top non-repeatable levels by time:
     D:6: 1125 daAuts
     D:5: 1088 daAuts
     D:2: 863 daAuts
     D:4: 776 daAuts
     D:1: 461 daAuts
     D:3: 451 daAuts
     D:7: 45 daAuts
